Blue Jackets vs Flyers

Created - 22 février 2018 at 15:55

Goals
1 2 3 OT1 T
Blue Jackets 1 1 2 1 5
Flyers 1 2 1 0 4
Shots
1 2 3 OT1 T
Blue Jackets 14 7 15 2 38
Flyers 8 24 10 0 42

1st period

1. Blue Jackets , Lukas Kaspar 16 (Jarome Iginla 30, Dennis Wideman 21) at 3:51
2. Flyers , Patrick Kane 34 (Claude Giroux 47) at 12:26

Penalties :
Claude Giroux (PHI) for Roughing (Minor) at 6:02, James Wisniewski (CBJ) for Hooking (Minor) at 6:02, Braydon Coburn (PHI) for Delaying the game (Minor) at 8:25, Claude Giroux (PHI) for Hooking (Minor) at 13:12, Evander Kane (CBJ) for Roughing (Minor) at 16:37

2nd period

3. Blue Jackets , Evander Kane 18 (Rick Nash 33, Alexander Ovechkin 19) at 6:01
4. Flyers , Patrick Kane 35 (Shayne Gostisbehere 8, Tyler Myers 31) at 16:03 (PP)
5. Flyers , Claude Giroux 16 (Patrick Kane 35, Nicklas Grossman 19) at 17:50

Penalties :
Evander Kane (CBJ) for Tripping (Minor) at 3:08, Derek Dorsett (CBJ) for Interference (Minor) at 7:29, Rick Nash (CBJ) for Roughing (Minor) at 14:44, Zdeno Chara (CBJ) for Hooking (Minor) at 15:25, Dustin Brown (PHI) for Hooking (Minor) at 18:57

3rd period

6. Blue Jackets , Evander Kane 19 (Nathan Oystrick 8, Dennis Wideman 22) at 2:20
7. Blue Jackets , Zdeno Chara 17 (Evander Kane 23, James Wisniewski 36) at 7:49 (PP)
8. Flyers , Patrick Kane 36 (Claude Giroux 48, Shayne Gostisbehere 9) at 17:41

Penalties :
Dustin Brown (PHI) for Hooking (Minor) at 7:11, James Wisniewski (CBJ) for Hooking (Minor) at 9:05, Braydon Coburn (PHI) for Holding (Minor) at 14:29

Overtime #1

9. Blue Jackets , Derek Dorsett 15 (Andre Benoit 29, Alexander Ovechkin 20) at 1:36

Penalties :
No Penalty

Goalie Stats

Gerald Coleman (CBJ), 38 saves from 42 shots - (0,905), W, 16-10-1, 61:37 minutes
Jaroslav Halak (PHI), 33 saves from 38 shots - (0,868), OTL, 8-10-1, 61:37 minutes

Players Stats for Blue Jackets

Player Name              G  A  P  +/- PIM S  H  SB GA TA FO     MP     PP MP  PK MP  
------------------------------------------------------------------------------------
Alexander Ovechkin       0  2  2   2  0   2  1  0  0  0  2/4    19:53   4:19   1:26 
Andre Benoit             0  1  1   0  0   1  0  2  0  0  0/0    21:26   0:00   6:05 
Corey Locke              0  0  0   0  0   3  1  0  0  0  7/20   16:41   4:15   0:00 
Dennis Wideman           0  2  2   3  0   1  0  1  0  0  0/0    19:54   3:34   1:09 
Derek Dorsett            1  0  1   0  2   5  4  0  0  0  1/2    17:26   0:00   5:12 
Evander Kane             2  1  3   1  4   6  0  0  0  0  16/31  18:45   4:19   0:00 
Jake Gardiner            0  0  0  -2  0   0  0  1  0  0  0/0    16:16   3:34   0:10 
James Wisniewski         0  1  1  -1  4   4  2  1  0  0  0/0    23:42   5:00   4:10 
Jarome Iginla            0  1  1   0  0   3  6  1  0  0  4/8    16:13   0:00   0:38 
Lukas Kaspar             1  0  1   0  0   5  0  0  0  0  1/1    17:10   3:34   0:00 
Matt Read                0  0  0  -1  0   2  0  1  0  0  11/17  17:40   4:15   0:00 
Mike York                0  0  0   0  0   0  0  0  0  0  1/2     5:44   0:45   3:49 
Nathan Oystrick          0  1  1   3  0   0  5  3  0  0  0/0    19:44   0:00   5:20 
Nick Bjugstad            0  0  0   0  0   0  0  0  0  0  0/0     0:00   0:00   0:00 
Rick Nash                0  1  1   1  2   2  0  0  0  0  5/9    23:09   4:15   4:18 
Sergei Samsonov          0  0  0   0  0   0  0  0  0  0  0/0     0:00   0:00   0:00 
Tomas Kopecky            0  0  0  -1  0   1  0  0  0  0  6/10   17:16   0:00   5:11 
Zdeno Chara              1  0  1  -2  2   3  5  3  0  0  0/0    20:32   5:00   4:17 

Players Stats for Flyers

Player Name              G  A  P  +/- PIM S  H  SB GA TA FO     MP     PP MP  PK MP  
------------------------------------------------------------------------------------
Braydon Coburn           0  0  0   1  4   1  7  3  0  0  0/0    17:11   0:00   1:51 
Claude Giroux            1  2  3   3  4   6  7  0  0  0  22/42  21:54   5:43   4:35 
Duncan Keith             0  0  0  -1  0   6  0  3  0  0  0/0    23:52   5:24   4:21 
Dustin Brown             0  0  0  -2  4   1  1  0  0  0  1/3    16:06   0:00   3:57 
Jakob Chychrun           0  0  0   0  0   0  2  0  0  0  0/0    10:21   0:00   1:43 
Jakub Kindl              0  0  0  -1  0   0  0  0  0  0  0/0     7:52   5:24   0:00 
Jonathan Huberdeau       0  0  0   2  0   3  3  0  0  0  0/0    19:51   5:15   0:00 
Mikael Granlund          0  0  0   0  0   3  2  0  0  0  6/12   23:16   7:34   4:10 
Nicklas Grossman         0  1  1   0  0   0  3  1  0  0  0/0    18:35   0:00   4:13 
Patrick Kane             3  1  4   3  0   4  1  0  0  0  2/3    20:15   5:53   1:32 
Petr Prucha              0  0  0  -2  0   0  0  0  0  0  0/2     5:07   0:00   0:00 
Ryan Nugent-Hopkins      0  0  0   0  0   1  0  0  0  0  6/16   11:32   0:00   0:00 
Shayne Gostisbehere      0  2  2   0  0   0  0  0  0  0  0/0    13:50   5:12   0:00 
Ted Purcell              0  0  0  -2  0   0  0  0  0  0  0/1    12:11   0:00   0:00 
Trevor Lewis             0  0  0  -2  0   3  2  0  0  0  7/15   12:58   0:00   0:00 
Tyler Myers              0  1  1   0  0   6  3  3  0  0  0/0    29:54   5:12   5:00 
Yannick Lehoux           0  0  0  -1  0   1  1  0  0  0  4/6     9:03   2:22   0:00 
Zach Parise              0  0  0  -1  0   7  0  0  0  0  2/4    20:24   5:01   2:54 

3 Stars

1 - Patrick Kane (PHI)
2 - Claude Giroux (PHI)
3 - Nathan Oystrick (CBJ)

Power Play

Blue Jackets - 1 on 5 Attempt(s) - 20,00%
Flyers - 1 on 6 Attempt(s) - 16,67%

Penalty Kill

Blue Jackets - 5 on 6 Attempt(s) - 83,33% - Score 0 goal in Penalty Kill
Flyers - 4 on 5 Attempt(s) - 80,00% - Score 0 goal in Penalty Kill

Team Stat

Blue Jackets - Hits : 24 - Faceoff Wins : 54 - Blocked Shots : 13 - Penalty Minutes : 14
Flyers - Hits : 32 - Faceoff Wins : 50 - Blocked Shots : 10 - Penalty Minutes : 12

Official

Referees : Pierre Lambert and Graham Skiliter
Linesman : Peter Feola and Brian Pincus

Game Notes

Patrick Kane has scored a Hat Trick!

Finance

Level 1 -- Attendance: 5618 (93,63%) -- Ticket Income 578 654 $
Level 2 -- Attendance: 4792 (95,84%) -- Ticket Income 316 272 $
Level 3 -- Attendance: 2000 (100,00%) -- Ticket Income 90 000 $
Level 4 -- Attendance: 4000 (100,00%) -- Ticket Income 120 000 $
Luxury Box -- Attendance: 1509 (60,00%) -- Ticket Income 528 150 $
Game was played at the Wachovia Center.
Total Attendance: 17919 (91,82%)
Total Ticket Income: 1 633 076 $
Other Income: 800 207 $
Total Income: 2 433 283 $

Blue Jackets

5 vs 5 Forward 
   Center                   Left Wing                Right Wing               Time % Phy DF OF 
 1 Evander Kane             Rick Nash                Alexander Ovechkin       35     0   0  5  
 2 Corey Locke              Lukas Kaspar             Jarome Iginla            35     0   0  5  
 3 Matt Read                Tomas Kopecky            Derek Dorsett            30     0   0  5  
 4 Evander Kane             Rick Nash                Alexander Ovechkin       0      1   2  2  

5 vs 5 Defense 
   Defense                  Defense                                           Time % Phy DF OF 
 1 James Wisniewski         Andre Benoit                                      35     0   0  5  
 2 Dennis Wideman           Nathan Oystrick                                   35     0   0  5  
 3 Jake Gardiner            Zdeno Chara                                       30     0   0  5  
 4 James Wisniewski         Andre Benoit                                      0      1   2  2  

PowerPlay Forward 
   Center                   Left Wing                Right Wing               Time % Phy DF OF 
 1 Corey Locke              Rick Nash                Matt Read                50     0   0  5  
 2 Evander Kane             Lukas Kaspar             Alexander Ovechkin       50     0   0  5  

PowerPlay Defense
   Defense                  Defense                                           Time % Phy DF OF 
 1 James Wisniewski         Zdeno Chara                                       50     0   0  5  
 2 Jake Gardiner            Dennis Wideman                                    50     0   0  5  

Penalty Kill 4 Players Forward 
   Center                   Wing                     Time % Phy DF OF 
 1 Tomas Kopecky            Derek Dorsett            50     0   5  0  
 2 Rick Nash                Derek Dorsett            50     0   5  0  

Penalty Kill 4 Players Defense
   Defense                  Defense                  Time % Phy DF OF 
 1 James Wisniewski         Andre Benoit             50     0   5  0  
 2 Zdeno Chara              Nathan Oystrick          50     0   5  0  

Penalty Kill - 3 Players Forward 
   Forward                                           Time % Phy DF OF 
 1 Jarome Iginla                                     60     1   2  2  
 2 Rick Nash                                         40     1   2  2  

Penalty Kill - 3 Players Defense
   Defense                  Defense                  Time % Phy DF OF 
 1 James Wisniewski         Andre Benoit             60     1   2  2  
 2 Jake Gardiner            Nathan Oystrick          40     1   2  2  

4 vs 4 Forward 
   Center                   Wing                     Time % Phy DF OF 
 1 Jarome Iginla            Matt Read                60     1   2  2  
 2 Rick Nash                Evander Kane             40     1   2  2  

4 vs 4 Defense
   Defense                  Defense                  Time % Phy DF OF 
 1 James Wisniewski         Andre Benoit             60     1   2  2  
 2 Jake Gardiner            Nathan Oystrick          40     1   2  2  

Last Minutes Offensive
   Center                   Left Wing                Right Wing               Defense                  Defense                  
   Evander Kane             Rick Nash                Jarome Iginla            James Wisniewski         Andre Benoit             

Last Minutes Defensive
   Center                   Left Wing                Right Wing               Defense                  Defense                  
   Evander Kane             Rick Nash                Jarome Iginla            James Wisniewski         Andre Benoit             

Goaltenders
Starting : Gerald Coleman           
Backup : Steve Mason              

Extra Forwards
Normal : Corey Locke, Matt Read, Mike York - PP : Corey Locke, Matt Read - PK : Mike York
Extra Defensemen
Normal : Jake Gardiner, James Wisniewski, Andre Benoit - PP : Jake Gardiner - PK : Andre Benoit, James Wisniewski
Penalty Shots
Jarome Iginla, Alexander Ovechkin, Rick Nash, Evander Kane, Derek Dorsett
Custom OT Lines Forwards
Jarome Iginla, Alexander Ovechkin, Rick Nash, Evander Kane, Derek Dorsett, Lukas Kaspar, Corey Locke, Matt Read, Mike York, 
Custom OT Lines Defensemen
James Wisniewski, Andre Benoit, Dennis Wideman, Nathan Oystrick, Jake Gardiner

Scratches
Damien Brunner (Herniated Disc Injury)

Flyers

5 vs 5 Forward 
   Center                   Left Wing                Right Wing               Time % Phy DF OF 
 1 Claude Giroux            Jonathan Huberdeau       Patrick Kane             30     0   2  3  
 2 Ryan Nugent-Hopkins      Zach Parise              Mikael Granlund          30     0   2  3  
 3 Trevor Lewis             Dustin Brown             Ted Purcell              30     0   2  3  
 4 Yannick Lehoux           Jonathan Huberdeau       Petr Prucha              10     1   3  1  

5 vs 5 Defense 
   Defense                  Defense                                           Time % Phy DF OF 
 1 Duncan Keith             Nicklas Grossman                                  35     0   2  3  
 2 Tyler Myers              Braydon Coburn                                    35     0   2  3  
 3 Shayne Gostisbehere      Jakob Chychrun                                    20     0   2  3  
 4 Jakub Kindl              Tyler Myers                                       10     1   3  1  

PowerPlay Forward 
   Center                   Left Wing                Right Wing               Time % Phy DF OF 
 1 Claude Giroux            Mikael Granlund          Patrick Kane             50     0   0  5  
 2 Mikael Granlund          Jonathan Huberdeau       Zach Parise              50     0   0  5  

PowerPlay Defense
   Defense                  Defense                                           Time % Phy DF OF 
 1 Duncan Keith             Jakub Kindl                                       50     0   1  4  
 2 Tyler Myers              Shayne Gostisbehere                               50     0   1  4  

Penalty Kill 4 Players Forward 
   Center                   Wing                     Time % Phy DF OF 
 1 Mikael Granlund          Dustin Brown             50     1   3  1  
 2 Claude Giroux            Dustin Brown             50     1   3  1  

Penalty Kill 4 Players Defense
   Defense                  Defense                  Time % Phy DF OF 
 1 Braydon Coburn           Nicklas Grossman         50     1   4  0  
 2 Tyler Myers              Duncan Keith             50     1   4  0  

Penalty Kill - 3 Players Forward 
   Forward                                           Time % Phy DF OF 
 1 Dustin Brown                                      60     1   4  0  
 2 Claude Giroux                                     40     1   4  0  

Penalty Kill - 3 Players Defense
   Defense                  Defense                  Time % Phy DF OF 
 1 Nicklas Grossman         Braydon Coburn           60     1   4  0  
 2 Jakub Kindl              Tyler Myers              40     1   4  0  

4 vs 4 Forward 
   Center                   Wing                     Time % Phy DF OF 
 1 Claude Giroux            Patrick Kane             50     0   2  3  
 2 Trevor Lewis             Zach Parise              50     0   2  3  

4 vs 4 Defense
   Defense                  Defense                  Time % Phy DF OF 
 1 Duncan Keith             Braydon Coburn           50     1   2  2  
 2 Nicklas Grossman         Tyler Myers              50     1   2  2  

Last Minutes Offensive
   Center                   Left Wing                Right Wing               Defense                  Defense                  
   Claude Giroux            Zach Parise              Patrick Kane             Braydon Coburn           Nicklas Grossman         

Last Minutes Defensive
   Center                   Left Wing                Right Wing               Defense                  Defense                  
   Claude Giroux            Zach Parise              Patrick Kane             Braydon Coburn           Duncan Keith             

Goaltenders
Starting : Jaroslav Halak           
Backup : Anders Lindback          

Extra Forwards
Normal : Yannick Lehoux, Claude Giroux, Patrick Kane - PP : Patrick Kane, Yannick Lehoux - PK : Claude Giroux
Extra Defensemen
Normal : Nicklas Grossman, Braydon Coburn, Tyler Myers - PP : Tyler Myers - PK : Nicklas Grossman, Tyler Myers
Penalty Shots
Jakub Kindl, Claude Giroux, Patrick Kane, Zach Parise, Mikael Granlund
Custom OT Lines Forwards
Claude Giroux, Zach Parise, Patrick Kane, Petr Prucha, Mikael Granlund, Yannick Lehoux, Jonathan Huberdeau, Dustin Brown, Ted Purcell, Trevor Lewis
Custom OT Lines Defensemen
Duncan Keith, Tyler Myers, Braydon Coburn, Shayne Gostisbehere, Nicklas Grossman

Scratches
Jim Sharrow (Head Injury)

% Time on Ice - Blue Jackets

Lines # - Real PCT - Wanted PCT - Time Play
Normal Forward
1 - 32% - 35% - 12:33
2 - 35% - 35% - 13:36
3 - 31% - 30% - 12:05
4 - 2% - 0% - 0:37
Normal Defense
1 - 34% - 35% - 13:18
2 - 35% - 35% - 13:41
3 - 29% - 30% - 11:15
4 - 2% - 0% - 0:37
PP Forward
1 - 50% - 50% - 4:15
2 - 50% - 50% - 4:19
PP Defense
1 - 58% - 50% - 5:00
2 - 42% - 50% - 3:34
PK Forward
1 - 52% - 50% - 5:11
2 - 48% - 50% - 4:47
PK Defense
1 - 48% - 50% - 4:48
2 - 52% - 50% - 5:10
PK3 Forward
1 - 100% - 60% - 0:38
2 - 0% - 40% - 0:00
PK3 Defense
1 - 74% - 60% - 0:28
2 - 26% - 40% - 0:10
44 Forward
1 - 67% - 60% - 1:20
2 - 33% - 40% - 0:39
44 Defense
1 - 64% - 60% - 1:16
2 - 36% - 40% - 0:43
Last Minute Offensive  - 0:00
Last Minute Defensive  - 0:00
Total
Forward - 60:00
Defense - 60:00

% Time on Ice - Flyers

Lines # - Real PCT - Wanted PCT - Time Play
Normal Forward
1 - 26% - 30% - 10:11
2 - 30% - 30% - 11:32
3 - 31% - 30% - 12:11
4 - 13% - 10% - 4:57
Normal Defense
1 - 34% - 35% - 13:10
2 - 38% - 35% - 14:35
3 - 22% - 20% - 8:38
4 - 6% - 10% - 2:28
PP Forward
1 - 54% - 50% - 5:43
2 - 46% - 50% - 4:53
PP Defense
1 - 51% - 50% - 5:24
2 - 49% - 50% - 5:12
PK Forward
1 - 52% - 50% - 4:26
2 - 48% - 50% - 4:08
PK Defense
1 - 49% - 50% - 4:13
2 - 51% - 50% - 4:21
PK3 Forward
1 - 0% - 60%
2 - 0% - 40%
PK3 Defense
1 - 0% - 60%
2 - 0% - 40%
44 Forward
1 - 61% - 50% - 1:12
2 - 39% - 50% - 0:47
44 Defense
1 - 39% - 50% - 0:47
2 - 61% - 50% - 1:12
Last Minute Offensive  - 0:00
Last Minute Defensive  - 0:00
Total
Forward - 60:00
Defense - 60:00

Play by Play

1st period


0:01 of 1st period - Claude Giroux wins face-off versus Evander Kane in neutral zone.
1:07 of 1st period - Off-side.
1:08 of 1st period - Matt Read wins face-off versus Trevor Lewis in neutral zone.
1:28 of 1st period - Shot by Matt Read.
1:28 of 1st period - Shot Misses the Net.
2:07 of 1st period - Nathan Oystrick is hit by Braydon Coburn.
2:22 of 1st period - Shot by Mikael Granlund.
2:22 of 1st period - Shot Misses the Net.
2:24 of 1st period - Shot by Braydon Coburn.
2:24 of 1st period - Shot Misses the Net.
2:32 of 1st period - Shot by Zach Parise.
2:32 of 1st period - Stopped by Gerald Coleman without a rebound.
2:33 of 1st period - Yannick Lehoux wins face-off versus Evander Kane in Blue Jackets zone.
3:09 of 1st period - Off-side.
3:10 of 1st period - Trevor Lewis wins face-off versus Corey Locke in neutral zone.
3:29 of 1st period - Shot by Jarome Iginla.
3:29 of 1st period - Deflect By Lukas Kaspar.
3:29 of 1st period - Stopped by Jaroslav Halak with a rebound.
3:31 of 1st period - Shot by Jarome Iginla.
3:31 of 1st period - Shot Blocked by Tyler Myers.
3:51 of 1st period - Shot by Lukas Kaspar.
3:51 of 1st period - Goal by Lukas Kaspar - Blue Jackets : 1 - Flyers : 0.
3:52 of 1st period - Matt Read wins face-off versus Claude Giroux in neutral zone.
4:01 of 1st period - Off-side.
4:02 of 1st period - Evander Kane wins face-off versus Ryan Nugent-Hopkins in neutral zone.
4:15 of 1st period - Evander Kane is hit by Nicklas Grossman and loses puck.
4:20 of 1st period - Shot by Mikael Granlund.
4:20 of 1st period - Shot Misses the Net.
4:22 of 1st period - Shot by Duncan Keith.
4:22 of 1st period - Shot Misses the Net.
4:27 of 1st period - Mikael Granlund is hit by Zdeno Chara and loses puck.
4:30 of 1st period - Shot by Zach Parise.
4:30 of 1st period - Stopped by Gerald Coleman without a rebound.
4:31 of 1st period - Matt Read wins face-off versus Claude Giroux in Blue Jackets zone.
4:31 of 1st period - Matt Read is hit by Claude Giroux.
4:41 of 1st period - Shot by Andre Benoit.
4:41 of 1st period - Stopped by Jaroslav Halak without a rebound.
4:42 of 1st period - Trevor Lewis wins face-off versus Corey Locke in Flyers zone.
5:37 of 1st period - Icing by Tyler Myers.
5:38 of 1st period - Tomas Kopecky wins face-off versus Ted Purcell in Flyers zone.
5:42 of 1st period - Icing by Tyler Myers.
5:43 of 1st period - Evander Kane wins face-off versus Trevor Lewis in Flyers zone.
5:43 of 1st period - Evander Kane is hit by Braydon Coburn.
5:45 of 1st period - Shot by Rick Nash.
5:45 of 1st period - Stopped by Jaroslav Halak without a rebound.
5:46 of 1st period - Claude Giroux wins face-off versus Evander Kane in Flyers zone.
6:02 of 1st period - Minor Penalty to Claude Giroux for Roughing.
6:02 of 1st period - Minor Penalty to James Wisniewski for Hooking.
6:03 of 1st period - Yannick Lehoux wins face-off versus Jarome Iginla in Blue Jackets zone.
6:10 of 1st period - Shot by Matt Read.
6:10 of 1st period - Stopped by Jaroslav Halak without a rebound.
6:11 of 1st period - Jarome Iginla wins face-off versus Trevor Lewis in Flyers zone.
6:30 of 1st period - Shot by Duncan Keith.
6:30 of 1st period - Shot Misses the Net.
6:32 of 1st period - Shot by Duncan Keith.
6:32 of 1st period - Shot Misses the Net.
6:34 of 1st period - Shot by Zach Parise.
6:34 of 1st period - Shot Misses the Net.
6:36 of 1st period - Shot by Zach Parise.
6:36 of 1st period - Stopped by Gerald Coleman without a rebound.
6:37 of 1st period - Jarome Iginla wins face-off versus Yannick Lehoux in Blue Jackets zone.
6:51 of 1st period - Jake Gardiner is hit by Yannick Lehoux.
6:57 of 1st period - Yannick Lehoux is hit by Jarome Iginla.
7:58 of 1st period - Shot by Rick Nash.
7:58 of 1st period - Stopped by Jaroslav Halak without a rebound.
7:59 of 1st period - Jarome Iginla wins face-off versus Trevor Lewis in Flyers zone.
8:02 of 1st period - Shot by Jarome Iginla.
8:02 of 1st period - Stopped by Jaroslav Halak without a rebound.
8:03 of 1st period - Ryan Nugent-Hopkins wins face-off versus Corey Locke in Flyers zone.
8:03 of 1st period - Mikael Granlund is hit by Jarome Iginla and loses puck.
8:18 of 1st period - Shot by Ryan Nugent-Hopkins.
8:18 of 1st period - Deflect By Mikael Granlund.
8:18 of 1st period - Stopped by Gerald Coleman without a rebound.
8:19 of 1st period - Evander Kane wins face-off versus Trevor Lewis in Blue Jackets zone.
8:25 of 1st period - Minor Penalty to Braydon Coburn for Delaying the game.
8:26 of 1st period - Alexander Ovechkin wins face-off versus Mikael Granlund in Flyers zone.
8:27 of 1st period - Shot by James Wisniewski.
8:27 of 1st period - Stopped by Jaroslav Halak without a rebound.
8:28 of 1st period - Claude Giroux wins face-off versus Corey Locke in Flyers zone.
8:34 of 1st period - Icing by James Wisniewski.
8:35 of 1st period - Corey Locke wins face-off versus Dustin Brown in Blue Jackets zone.
8:43 of 1st period - Rick Nash is hit by Tyler Myers and loses puck.
9:03 of 1st period - Icing by Rick Nash.
9:04 of 1st period - Mikael Granlund wins face-off versus Corey Locke in Blue Jackets zone.
9:23 of 1st period - Shot by Zdeno Chara.
9:23 of 1st period - Shot Blocked by Tyler Myers.
9:25 of 1st period - Shot by Zdeno Chara.
9:25 of 1st period - Stopped by Jaroslav Halak without a rebound.
9:26 of 1st period - Claude Giroux wins face-off versus Evander Kane in Flyers zone.
9:57 of 1st period - Shot by Lukas Kaspar.
9:57 of 1st period - Stopped by Jaroslav Halak without a rebound.
9:58 of 1st period - Mikael Granlund wins face-off versus Corey Locke in Flyers zone.
10:37 of 1st period - Shot by Ryan Nugent-Hopkins.
10:37 of 1st period - Stopped by Gerald Coleman without a rebound.
10:38 of 1st period - Yannick Lehoux wins face-off versus Evander Kane in Blue Jackets zone.
11:01 of 1st period - Shot by Evander Kane.
11:01 of 1st period - Deflect By Rick Nash.
11:01 of 1st period - Shot Misses the Net.
11:30 of 1st period - Icing by Rick Nash.
11:31 of 1st period - Evander Kane wins face-off versus Zach Parise in Blue Jackets zone.
11:33 of 1st period - Icing by Zdeno Chara.
11:34 of 1st period - Ryan Nugent-Hopkins wins face-off versus Evander Kane in Blue Jackets zone.
11:35 of 1st period - Shot by Mikael Granlund.
11:35 of 1st period - Stopped by Gerald Coleman without a rebound.
11:36 of 1st period - Matt Read wins face-off versus Zach Parise in Blue Jackets zone.
11:36 of 1st period - Matt Read is hit by Mikael Granlund.
11:43 of 1st period - Andre Benoit is hit by Nicklas Grossman and loses puck.
11:54 of 1st period - Shot by Mikael Granlund.
11:54 of 1st period - Shot Misses the Net.
11:56 of 1st period - Shot by Mikael Granlund.
11:56 of 1st period - Shot Blocked by Matt Read.
12:24 of 1st period - Icing by Matt Read.
12:25 of 1st period - Claude Giroux wins face-off versus Matt Read in Blue Jackets zone.
12:26 of 1st period - Shot by Patrick Kane.
12:26 of 1st period - Goal by Patrick Kane - Blue Jackets : 1 - Flyers : 1.
12:27 of 1st period - Claude Giroux wins face-off versus Corey Locke in neutral zone.
12:56 of 1st period - Patrick Kane is hit by Nathan Oystrick and loses puck.
13:10 of 1st period - Jonathan Huberdeau is hit by Nathan Oystrick and loses puck.
13:12 of 1st period - Minor Penalty to Claude Giroux for Hooking.
13:13 of 1st period - Mikael Granlund wins face-off versus Evander Kane in Flyers zone.
13:22 of 1st period - Shot by James Wisniewski.
13:22 of 1st period - Shot Misses the Net.
13:24 of 1st period - Shot by Zdeno Chara.
13:24 of 1st period - Stopped by Jaroslav Halak with a rebound.
13:26 of 1st period - Shot by James Wisniewski.
13:26 of 1st period - Stopped by Jaroslav Halak with a rebound.
13:28 of 1st period - Shot by James Wisniewski.
13:28 of 1st period - Shot Misses the Net.
13:30 of 1st period - Shot by Evander Kane.
13:30 of 1st period - Deflect By Lukas Kaspar.
13:30 of 1st period - Shot Misses the Net.
13:32 of 1st period - Shot by Zdeno Chara.
13:32 of 1st period - Shot Misses the Net.
13:34 of 1st period - Shot by Evander Kane.
13:34 of 1st period - Shot Hit the Post.
13:36 of 1st period - Shot by James Wisniewski.
13:36 of 1st period - Shot Misses the Net.
13:38 of 1st period - Shot by Evander Kane.
13:38 of 1st period - Stopped by Jaroslav Halak with a rebound.
14:00 of 1st period - James Wisniewski is hit by Tyler Myers and loses puck.
15:47 of 1st period - Icing by Shayne Gostisbehere.
15:48 of 1st period - Yannick Lehoux wins face-off versus Corey Locke in Flyers zone.
15:48 of 1st period - Jonathan Huberdeau is hit by Jarome Iginla and loses puck.
16:02 of 1st period - Yannick Lehoux is hit by Zdeno Chara and loses puck.
16:14 of 1st period - Shot by Jarome Iginla.
16:14 of 1st period - Shot Misses the Net.
16:16 of 1st period - Shot by Lukas Kaspar.
16:16 of 1st period - Stopped by Jaroslav Halak without a rebound.
16:17 of 1st period - Evander Kane wins face-off versus Trevor Lewis in Flyers zone.
16:29 of 1st period - Duncan Keith is hit by James Wisniewski and loses puck.
16:37 of 1st period - Minor Penalty to Evander Kane for Roughing.
16:38 of 1st period - Tomas Kopecky wins face-off versus Claude Giroux in Blue Jackets zone.
17:13 of 1st period - Shot by Duncan Keith.
17:13 of 1st period - Stopped by Gerald Coleman with a rebound.
18:51 of 1st period - Jarome Iginla is hit by Dustin Brown and loses puck.
19:12 of 1st period - Shot by Dustin Brown.
19:12 of 1st period - Shot Misses the Net.
19:14 of 1st period - Shot by Duncan Keith.
19:14 of 1st period - Shot Misses the Net.
19:27 of 1st period - Icing by Jarome Iginla.
19:28 of 1st period - Corey Locke wins face-off versus Claude Giroux in Blue Jackets zone.
Goals for this period are 1 for Blue Jackets vs 1 for Flyers.
Shots for this period are 14 for Blue Jackets vs 8 for Flyers.

2nd period


0:01 of 2nd period - Evander Kane wins face-off versus Claude Giroux in neutral zone.
0:01 of 2nd period - Rick Nash is hit by Claude Giroux.
0:31 of 2nd period - Icing by Rick Nash.
0:32 of 2nd period - Evander Kane wins face-off versus Ryan Nugent-Hopkins in Blue Jackets zone.
0:41 of 2nd period - Shot by Mikael Granlund.
0:41 of 2nd period - Shot Blocked by Andre Benoit.
0:43 of 2nd period - Shot by Duncan Keith.
0:43 of 2nd period - Shot Misses the Net.
0:45 of 2nd period - Shot by Duncan Keith.
0:45 of 2nd period - Shot Misses the Net.
1:14 of 2nd period - Icing by Alexander Ovechkin.
1:15 of 2nd period - Evander Kane wins face-off versus Claude Giroux in Blue Jackets zone.
1:17 of 2nd period - Icing by Alexander Ovechkin.
1:18 of 2nd period - Claude Giroux wins face-off versus Evander Kane in Blue Jackets zone.
1:27 of 2nd period - Shot by Jonathan Huberdeau.
1:27 of 2nd period - Stopped by Gerald Coleman with a rebound.
1:29 of 2nd period - Shot by Patrick Kane.
1:29 of 2nd period - Stopped by Gerald Coleman without a rebound.
1:30 of 2nd period - Trevor Lewis wins face-off versus Matt Read in Blue Jackets zone.
1:35 of 2nd period - Shot by Dustin Brown.
1:35 of 2nd period - Shot Blocked by Zdeno Chara.
1:47 of 2nd period - Shot by Derek Dorsett.
1:47 of 2nd period - Stopped by Jaroslav Halak without a rebound.
1:48 of 2nd period - Lukas Kaspar wins face-off versus Claude Giroux in Flyers zone.
2:15 of 2nd period - Shot by Corey Locke.
2:15 of 2nd period - Shot Blocked by Nicklas Grossman.
2:17 of 2nd period - Shot by Jarome Iginla.
2:17 of 2nd period - Stopped by Jaroslav Halak without a rebound.
2:18 of 2nd period - Matt Read wins face-off versus Ryan Nugent-Hopkins in Flyers zone.
2:19 of 2nd period - Shot by Derek Dorsett.
2:19 of 2nd period - Stopped by Jaroslav Halak without a rebound.
2:20 of 2nd period - Matt Read wins face-off versus Ryan Nugent-Hopkins in Flyers zone.
2:55 of 2nd period - Shot by Derek Dorsett.
2:55 of 2nd period - Shot Blocked by Braydon Coburn.
3:08 of 2nd period - Minor Penalty to Evander Kane for Tripping.
3:09 of 2nd period - Claude Giroux wins face-off versus Rick Nash in Blue Jackets zone.
3:24 of 2nd period - Rick Nash is hit by Claude Giroux.
3:45 of 2nd period - Shot by Duncan Keith.
3:45 of 2nd period - Shot Misses the Net.
4:53 of 2nd period - Shot by Claude Giroux.
4:53 of 2nd period - Stopped by Gerald Coleman without a rebound.
4:54 of 2nd period - Tomas Kopecky wins face-off versus Claude Giroux in Blue Jackets zone.
5:11 of 2nd period - Lukas Kaspar is hit by Trevor Lewis and loses puck.
5:38 of 2nd period - Shot by Ted Purcell.
5:38 of 2nd period - Shot Blocked by Zdeno Chara.
5:40 of 2nd period - Shot by Nicklas Grossman.
5:40 of 2nd period - Shot Blocked by Zdeno Chara.
5:42 of 2nd period - Shot by Ted Purcell.
5:42 of 2nd period - Deflect By Dustin Brown.
5:42 of 2nd period - Stopped by Gerald Coleman with a rebound.
5:44 of 2nd period - Shot by Duncan Keith.
5:44 of 2nd period - Stopped by Gerald Coleman without a rebound.
5:45 of 2nd period - Evander Kane wins face-off versus Petr Prucha in Blue Jackets zone.
5:45 of 2nd period - Evander Kane is hit by Jonathan Huberdeau.
5:59 of 2nd period - Shot by Rick Nash.
5:59 of 2nd period - Shot Misses the Net.
6:01 of 2nd period - Shot by Evander Kane.
6:01 of 2nd period - Goal by Evander Kane - Blue Jackets : 2 - Flyers : 1.
6:02 of 2nd period - Ryan Nugent-Hopkins wins face-off versus Matt Read in neutral zone.
6:07 of 2nd period - Shot by Ryan Nugent-Hopkins.
6:07 of 2nd period - Shot Misses the Net.
6:13 of 2nd period - Shot by Zach Parise.
6:13 of 2nd period - Shot Misses the Net.
6:15 of 2nd period - Shot by Zach Parise.
6:15 of 2nd period - Stopped by Gerald Coleman without a rebound.
6:16 of 2nd period - Jarome Iginla wins face-off versus Trevor Lewis in Blue Jackets zone.
6:29 of 2nd period - Shot by Trevor Lewis.
6:29 of 2nd period - Stopped by Gerald Coleman without a rebound.
6:30 of 2nd period - Claude Giroux wins face-off versus Evander Kane in Blue Jackets zone.
6:30 of 2nd period - Patrick Kane is hit by Nathan Oystrick and loses puck.
6:40 of 2nd period - Icing by Nathan Oystrick.
6:41 of 2nd period - Zach Parise wins face-off versus Evander Kane in Blue Jackets zone.
7:29 of 2nd period - Minor Penalty to Derek Dorsett for Interference.
7:30 of 2nd period - Tomas Kopecky wins face-off versus Claude Giroux in Blue Jackets zone.
8:00 of 2nd period - Mike York is hit by Claude Giroux and loses puck.
8:42 of 2nd period - Shot by Zach Parise.
8:42 of 2nd period - Stopped by Gerald Coleman without a rebound.
8:43 of 2nd period - Zach Parise wins face-off versus Tomas Kopecky in Blue Jackets zone.
9:02 of 2nd period - Shot by Claude Giroux.
9:02 of 2nd period - Stopped by Gerald Coleman without a rebound.
9:03 of 2nd period - Rick Nash wins face-off versus Mikael Granlund in Blue Jackets zone.
9:14 of 2nd period - Shot by Tyler Myers.
9:14 of 2nd period - Stopped by Gerald Coleman without a rebound.
9:15 of 2nd period - Claude Giroux wins face-off versus Rick Nash in Blue Jackets zone.
9:24 of 2nd period - Shot by Tyler Myers.
9:24 of 2nd period - Stopped by Gerald Coleman with a rebound.
9:26 of 2nd period - Shot by Claude Giroux.
9:26 of 2nd period - Shot Misses the Net.
9:28 of 2nd period - Shot by Mikael Granlund.
9:28 of 2nd period - Shot Blocked by Nathan Oystrick.
9:42 of 2nd period - Shot by Nicklas Grossman.
9:42 of 2nd period - Shot Misses the Net.
9:44 of 2nd period - Shot by Nicklas Grossman.
9:44 of 2nd period - Shot Misses the Net.
9:46 of 2nd period - Shot by Ted Purcell.
9:46 of 2nd period - Shot Blocked by Jarome Iginla.
9:48 of 2nd period - Shot by Duncan Keith.
9:48 of 2nd period - Shot Misses the Net.
9:50 of 2nd period - Shot by Duncan Keith.
9:50 of 2nd period - Stopped by Gerald Coleman without a rebound.
9:51 of 2nd period - Patrick Kane wins face-off versus Matt Read in Blue Jackets zone.
10:22 of 2nd period - Patrick Kane is hit by Derek Dorsett and loses puck.
11:04 of 2nd period - Icing by Rick Nash.
11:05 of 2nd period - Ryan Nugent-Hopkins wins face-off versus Evander Kane in Blue Jackets zone.
11:29 of 2nd period - Evander Kane is hit by Braydon Coburn and loses puck.
11:39 of 2nd period - Jake Gardiner is hit by Braydon Coburn and loses puck.
12:31 of 2nd period - Shot by Jarome Iginla.
12:31 of 2nd period - Stopped by Jaroslav Halak with a rebound.
12:36 of 2nd period - Icing by Nicklas Grossman.
12:37 of 2nd period - Matt Read wins face-off versus Claude Giroux in Flyers zone.
13:08 of 2nd period - Jonathan Huberdeau is hit by Derek Dorsett and loses puck.
13:25 of 2nd period - Dustin Brown is hit by Derek Dorsett.
13:42 of 2nd period - James Wisniewski is hit by Jakob Chychrun and loses puck.
13:59 of 2nd period - Shot by Corey Locke.
13:59 of 2nd period - Stopped by Jaroslav Halak without a rebound.
14:00 of 2nd period - Evander Kane wins face-off versus Ryan Nugent-Hopkins in Flyers zone.
14:00 of 2nd period - Evander Kane is hit by Tyler Myers.
14:35 of 2nd period - Shot by Mikael Granlund.
14:35 of 2nd period - Shot Misses the Net.
14:44 of 2nd period - Minor Penalty to Rick Nash for Roughing.
14:45 of 2nd period - Claude Giroux wins face-off versus Derek Dorsett in Blue Jackets zone.
14:52 of 2nd period - Shot by Patrick Kane.
14:52 of 2nd period - Shot Misses the Net.
14:54 of 2nd period - Shot by Mikael Granlund.
14:54 of 2nd period - Shot Misses the Net.
14:56 of 2nd period - Shot by Claude Giroux.
14:56 of 2nd period - Stopped by Gerald Coleman without a rebound.
14:57 of 2nd period - Claude Giroux wins face-off versus Mike York in Blue Jackets zone.
15:03 of 2nd period - Shot by Duncan Keith.
15:03 of 2nd period - Shot Misses the Net.
15:05 of 2nd period - Shot by Claude Giroux.
15:05 of 2nd period - Stopped by Gerald Coleman without a rebound.
15:06 of 2nd period - Mike York wins face-off versus Claude Giroux in Blue Jackets zone.
15:06 of 2nd period - Mike York is hit by Claude Giroux.
15:25 of 2nd period - Minor Penalty to Zdeno Chara for Hooking.
15:26 of 2nd period - Patrick Kane wins face-off versus Jarome Iginla in Blue Jackets zone.
15:33 of 2nd period - Shot by Duncan Keith.
15:33 of 2nd period - Stopped by Gerald Coleman with a rebound.
15:35 of 2nd period - Shot by Duncan Keith.
15:35 of 2nd period - Stopped by Gerald Coleman without a rebound.
15:36 of 2nd period - Mikael Granlund wins face-off versus Jarome Iginla in Blue Jackets zone.
15:53 of 2nd period - Shot by Duncan Keith.
15:53 of 2nd period - Stopped by Gerald Coleman without a rebound.
15:54 of 2nd period - Claude Giroux wins face-off versus Jarome Iginla in Blue Jackets zone.
15:59 of 2nd period - Shot by Tyler Myers.
15:59 of 2nd period - Shot Misses the Net.
16:01 of 2nd period - Shot by Shayne Gostisbehere.
16:01 of 2nd period - Shot Blocked by Jake Gardiner.
16:03 of 2nd period - Shot by Patrick Kane.
16:03 of 2nd period - Goal by Patrick Kane - Blue Jackets : 2 - Flyers : 2.
16:04 of 2nd period - Mikael Granlund wins face-off versus Tomas Kopecky in neutral zone.
16:13 of 2nd period - Shot by Tyler Myers.
16:13 of 2nd period - Stopped by Gerald Coleman with a rebound.
16:15 of 2nd period - Shot by Zach Parise.
16:15 of 2nd period - Shot Blocked by Andre Benoit.
16:17 of 2nd period - Shot by Tyler Myers.
16:17 of 2nd period - Stopped by Gerald Coleman without a rebound.
16:18 of 2nd period - Claude Giroux wins face-off versus Rick Nash in Blue Jackets zone.
16:18 of 2nd period - Patrick Kane is hit by Nathan Oystrick and loses puck.
16:23 of 2nd period - Shot by Claude Giroux.
16:23 of 2nd period - Stopped by Gerald Coleman without a rebound.
16:24 of 2nd period - Tomas Kopecky wins face-off versus Mikael Granlund in Blue Jackets zone.
17:12 of 2nd period - Icing by Claude Giroux.
17:13 of 2nd period - Rick Nash wins face-off versus Claude Giroux in Flyers zone.
17:27 of 2nd period - Claude Giroux is hit by Zdeno Chara and loses puck.
17:40 of 2nd period - Shot by Trevor Lewis.
17:40 of 2nd period - Stopped by Gerald Coleman without a rebound.
17:41 of 2nd period - Evander Kane wins face-off versus Claude Giroux in Blue Jackets zone.
17:50 of 2nd period - Shot by Claude Giroux.
17:50 of 2nd period - Goal by Claude Giroux - Blue Jackets : 2 - Flyers : 3.
17:51 of 2nd period - Trevor Lewis wins face-off versus Corey Locke in neutral zone.
17:56 of 2nd period - Shot by Trevor Lewis.
17:56 of 2nd period - Stopped by Gerald Coleman without a rebound.
17:57 of 2nd period - Claude Giroux wins face-off versus Corey Locke in Blue Jackets zone.
18:34 of 2nd period - Duncan Keith is hit by Jarome Iginla and loses puck.
18:50 of 2nd period - Jarome Iginla is hit by Braydon Coburn and loses puck.
18:54 of 2nd period - Icing by Braydon Coburn.
18:55 of 2nd period - Trevor Lewis wins face-off versus Evander Kane in Flyers zone.
18:57 of 2nd period - Minor Penalty to Dustin Brown for Hooking.
18:58 of 2nd period - Evander Kane wins face-off versus Mikael Granlund in Flyers zone.
19:25 of 2nd period - Shot by Zdeno Chara.
19:25 of 2nd period - Shot Blocked by Tyler Myers.
19:31 of 2nd period - Shot by Lukas Kaspar.
19:31 of 2nd period - Shot Misses the Net.
19:33 of 2nd period - Shot by James Wisniewski.
19:33 of 2nd period - Stopped by Jaroslav Halak with a rebound.
Goals for this period are 1 for Blue Jackets vs 2 for Flyers.
Shots for this period are 7 for Blue Jackets vs 24 for Flyers.

3rd period


0:01 of 3rd period - Claude Giroux wins face-off versus Corey Locke in neutral zone.
0:14 of 3rd period - Shot by Matt Read.
0:14 of 3rd period - Shot Misses the Net.
0:26 of 3rd period - Braydon Coburn is hit by Corey Locke and loses puck.
0:38 of 3rd period - Icing by Rick Nash.
0:39 of 3rd period - Corey Locke wins face-off versus Mikael Granlund in Blue Jackets zone.
0:39 of 3rd period - Corey Locke is hit by Mikael Granlund.
1:20 of 3rd period - Tyler Myers is hit by Jarome Iginla and loses puck.
2:20 of 3rd period - Shot by Evander Kane.
2:20 of 3rd period - Goal by Evander Kane - Blue Jackets : 3 - Flyers : 3.
2:21 of 3rd period - Matt Read wins face-off versus Ryan Nugent-Hopkins in neutral zone.
2:58 of 3rd period - Shot by Derek Dorsett.
2:58 of 3rd period - Stopped by Jaroslav Halak without a rebound.
2:59 of 3rd period - Evander Kane wins face-off versus Claude Giroux in Flyers zone.
3:26 of 3rd period - Rick Nash is hit by Claude Giroux and loses puck.
3:43 of 3rd period - Shot by Tyler Myers.
3:43 of 3rd period - Shot Blocked by Nathan Oystrick.
4:14 of 3rd period - Icing by Duncan Keith.
4:15 of 3rd period - Dustin Brown wins face-off versus Matt Read in Flyers zone.
4:20 of 3rd period - Shot by Trevor Lewis.
4:20 of 3rd period - Shot Misses the Net.
4:34 of 3rd period - Shot by Matt Read.
4:34 of 3rd period - Shot Misses the Net.
4:36 of 3rd period - Shot by Andre Benoit.
4:36 of 3rd period - Shot Blocked by Duncan Keith.
4:46 of 3rd period - Shot by Matt Read.
4:46 of 3rd period - Shot Blocked by Duncan Keith.
4:48 of 3rd period - Shot by Tomas Kopecky.
4:48 of 3rd period - Stopped by Jaroslav Halak without a rebound.
4:49 of 3rd period - Corey Locke wins face-off versus Ryan Nugent-Hopkins in Flyers zone.
4:54 of 3rd period - Shot by Jarome Iginla.
4:54 of 3rd period - Shot Blocked by Braydon Coburn.
5:01 of 3rd period - Ryan Nugent-Hopkins is hit by Zdeno Chara and loses puck.
5:06 of 3rd period - Shot by Zach Parise.
5:06 of 3rd period - Shot Misses the Net.
5:08 of 3rd period - Shot by Ryan Nugent-Hopkins.
5:08 of 3rd period - Shot Misses the Net.
5:18 of 3rd period - Shot by Mikael Granlund.
5:18 of 3rd period - Stopped by Gerald Coleman without a rebound.
5:19 of 3rd period - Matt Read wins face-off versus Claude Giroux in Blue Jackets zone.
5:19 of 3rd period - Matt Read is hit by Claude Giroux.
5:45 of 3rd period - Shot by Derek Dorsett.
5:45 of 3rd period - Stopped by Jaroslav Halak without a rebound.
5:46 of 3rd period - Evander Kane wins face-off versus Ryan Nugent-Hopkins in Flyers zone.
6:16 of 3rd period - Off-side.
6:17 of 3rd period - Corey Locke wins face-off versus Claude Giroux in neutral zone.
6:17 of 3rd period - Andre Benoit is hit by Patrick Kane and loses puck.
6:34 of 3rd period - Shot by Jonathan Huberdeau.
6:34 of 3rd period - Stopped by Gerald Coleman without a rebound.
6:35 of 3rd period - Matt Read wins face-off versus Trevor Lewis in Blue Jackets zone.
6:37 of 3rd period - Tomas Kopecky is hit by Trevor Lewis and loses puck.
6:47 of 3rd period - Matt Read is hit by Braydon Coburn and loses puck.
7:11 of 3rd period - Minor Penalty to Dustin Brown for Hooking.
7:12 of 3rd period - Claude Giroux wins face-off versus Evander Kane in Flyers zone.
7:12 of 3rd period - Tyler Myers is hit by Alexander Ovechkin and loses puck.
7:39 of 3rd period - Shot by Lukas Kaspar.
7:39 of 3rd period - Stopped by Jaroslav Halak with a rebound.
7:41 of 3rd period - Shot by Zdeno Chara.
7:41 of 3rd period - Shot Blocked by Braydon Coburn.
7:45 of 3rd period - Shot by James Wisniewski.
7:45 of 3rd period - Stopped by Jaroslav Halak with a rebound.
7:47 of 3rd period - Shot by Evander Kane.
7:47 of 3rd period - Stopped by Jaroslav Halak with a rebound.
7:49 of 3rd period - Shot by Zdeno Chara.
7:49 of 3rd period - Goal by Zdeno Chara - Blue Jackets : 4 - Flyers : 3.
7:50 of 3rd period - Matt Read wins face-off versus Yannick Lehoux in neutral zone.
7:54 of 3rd period - Dennis Wideman is hit by Jakob Chychrun and loses puck.
8:20 of 3rd period - Yannick Lehoux is hit by Nathan Oystrick and loses puck.
8:55 of 3rd period - Shot by Zach Parise.
8:55 of 3rd period - Stopped by Gerald Coleman without a rebound.
8:56 of 3rd period - Trevor Lewis wins face-off versus Rick Nash in Blue Jackets zone.
9:01 of 3rd period - Shot by Ted Purcell.
9:01 of 3rd period - Shot Misses the Net.
9:03 of 3rd period - Shot by Braydon Coburn.
9:03 of 3rd period - Stopped by Gerald Coleman without a rebound.
9:04 of 3rd period - Ryan Nugent-Hopkins wins face-off versus Evander Kane in Blue Jackets zone.
9:04 of 3rd period - Ryan Nugent-Hopkins is hit by James Wisniewski.
9:05 of 3rd period - Minor Penalty to James Wisniewski for Hooking.
9:06 of 3rd period - Rick Nash wins face-off versus Claude Giroux in Blue Jackets zone.
9:31 of 3rd period - Icing by Duncan Keith.
9:32 of 3rd period - Tomas Kopecky wins face-off versus Patrick Kane in Flyers zone.
9:46 of 3rd period - Mikael Granlund is hit by Zdeno Chara and loses puck.
10:18 of 3rd period - Andre Benoit is hit by Jonathan Huberdeau.
10:32 of 3rd period - Shot by Tyler Myers.
10:32 of 3rd period - Stopped by Gerald Coleman without a rebound.
10:33 of 3rd period - Rick Nash wins face-off versus Mikael Granlund in Blue Jackets zone.
10:38 of 3rd period - Dennis Wideman is hit by Jonathan Huberdeau and loses puck.
10:45 of 3rd period - Shot by Mikael Granlund.
10:45 of 3rd period - Shot Misses the Net.
10:47 of 3rd period - Shot by Tyler Myers.
10:47 of 3rd period - Shot Misses the Net.
10:49 of 3rd period - Shot by Zach Parise.
10:49 of 3rd period - Deflect By Jonathan Huberdeau.
10:49 of 3rd period - Stopped by Gerald Coleman without a rebound.
10:50 of 3rd period - Claude Giroux wins face-off versus Tomas Kopecky in Blue Jackets zone.
10:58 of 3rd period - Icing by Claude Giroux.
10:59 of 3rd period - Claude Giroux wins face-off versus Tomas Kopecky in Flyers zone.
11:08 of 3rd period - Shot by Corey Locke.
11:08 of 3rd period - Stopped by Jaroslav Halak with a rebound.
12:05 of 3rd period - Shot by Evander Kane.
12:05 of 3rd period - Shot Misses the Net.
12:07 of 3rd period - Shot by Alexander Ovechkin.
12:07 of 3rd period - Shot Misses the Net.
12:09 of 3rd period - Shot by Evander Kane.
12:09 of 3rd period - Stopped by Jaroslav Halak without a rebound.
12:10 of 3rd period - Claude Giroux wins face-off versus Matt Read in Flyers zone.
12:10 of 3rd period - Claude Giroux is hit by Derek Dorsett.
13:45 of 3rd period - Shot by Alexander Ovechkin.
13:45 of 3rd period - Stopped by Jaroslav Halak without a rebound.
13:46 of 3rd period - Trevor Lewis wins face-off versus Corey Locke in Flyers zone.
14:09 of 3rd period - Lukas Kaspar is hit by Braydon Coburn and loses puck.
14:29 of 3rd period - Minor Penalty to Braydon Coburn for Holding.
14:30 of 3rd period - Evander Kane wins face-off versus Claude Giroux in Flyers zone.
14:39 of 3rd period - Shot by Evander Kane.
14:39 of 3rd period - Deflect By Lukas Kaspar.
14:39 of 3rd period - Shot Blocked by Duncan Keith.
14:41 of 3rd period - Shot by Dennis Wideman.
14:41 of 3rd period - Stopped by Jaroslav Halak without a rebound.
14:42 of 3rd period - Evander Kane wins face-off versus Claude Giroux in Flyers zone.
14:47 of 3rd period - Shot by James Wisniewski.
14:47 of 3rd period - Shot Misses the Net.
14:49 of 3rd period - Shot by James Wisniewski.
14:49 of 3rd period - Shot Misses the Net.
15:50 of 3rd period - Shot by Corey Locke.
15:50 of 3rd period - Stopped by Jaroslav Halak without a rebound.
15:51 of 3rd period - Mikael Granlund wins face-off versus Evander Kane in Flyers zone.
16:12 of 3rd period - Shot by Alexander Ovechkin.
16:12 of 3rd period - Stopped by Jaroslav Halak without a rebound.
16:13 of 3rd period - Corey Locke wins face-off versus Dustin Brown in Flyers zone.
16:16 of 3rd period - Shot by Dennis Wideman.
16:16 of 3rd period - Shot Misses the Net.
16:51 of 3rd period - Shot by Yannick Lehoux.
16:51 of 3rd period - Stopped by Gerald Coleman with a rebound.
16:59 of 3rd period - Shot by Tyler Myers.
16:59 of 3rd period - Stopped by Gerald Coleman without a rebound.
17:00 of 3rd period - Ryan Nugent-Hopkins wins face-off versus Alexander Ovechkin in Blue Jackets zone.
17:07 of 3rd period - Shot by Zach Parise.
17:07 of 3rd period - Deflect By Ryan Nugent-Hopkins.
17:07 of 3rd period - Shot Misses the Net.
17:09 of 3rd period - Shot by Zach Parise.
17:09 of 3rd period - Shot Blocked by James Wisniewski.
17:11 of 3rd period - Shot by Mikael Granlund.
17:11 of 3rd period - Shot Misses the Net.
17:13 of 3rd period - Shot by Zach Parise.
17:13 of 3rd period - Stopped by Gerald Coleman without a rebound.
17:14 of 3rd period - Claude Giroux wins face-off versus Corey Locke in Blue Jackets zone.
17:41 of 3rd period - Shot by Claude Giroux.
17:41 of 3rd period - Deflect By Patrick Kane.
17:41 of 3rd period - Goal by Patrick Kane - Blue Jackets : 4 - Flyers : 4.
17:42 of 3rd period - Rick Nash wins face-off versus Ryan Nugent-Hopkins in neutral zone.
17:42 of 3rd period - Evander Kane is hit by Nicklas Grossman and loses puck.
17:51 of 3rd period - Shot by Zach Parise.
17:51 of 3rd period - Shot Blocked by Dennis Wideman.
17:55 of 3rd period - Shot by Zach Parise.
17:55 of 3rd period - Shot Blocked by Nathan Oystrick.
19:11 of 3rd period - Braydon Coburn is hit by Jarome Iginla and loses puck.
19:27 of 3rd period - Off-side.
19:28 of 3rd period - Derek Dorsett wins face-off versus Claude Giroux in neutral zone.
19:43 of 3rd period - Shot by Matt Read.
19:43 of 3rd period - Stopped by Jaroslav Halak without a rebound.
19:44 of 3rd period - Corey Locke wins face-off versus Ryan Nugent-Hopkins in Flyers zone.
19:45 of 3rd period - Shot by Jarome Iginla.
19:45 of 3rd period - Shot Misses the Net.
19:53 of 3rd period - Shot by Jarome Iginla.
19:53 of 3rd period - Shot Misses the Net.
Goals for this period are 2 for Blue Jackets vs 1 for Flyers.
Shots for this period are 15 for Blue Jackets vs 10 for Flyers.

Overtime #1


0:01 of 1st overtime period - Claude Giroux wins face-off versus Alexander Ovechkin in neutral zone.
1:26 of 1st overtime period - Shot by Evander Kane.
1:26 of 1st overtime period - Stopped by Jaroslav Halak without a rebound.
1:27 of 1st overtime period - Alexander Ovechkin wins face-off versus Petr Prucha in Flyers zone.
1:36 of 1st overtime period - Shot by Derek Dorsett.
1:36 of 1st overtime period - Goal by Derek Dorsett - Blue Jackets : 5 - Flyers : 4.
Goals for this period are 1 for Blue Jackets vs 0 for Flyers.
Shots for this period are 2 for Blue Jackets vs 0 for Flyers.